 Dungeon Crawl Stone Soup version 0.29.1-15-g9cfb28693d (webtiles) character file.

Game seed: 12626488399445308559

22173 Gabide the Grappler (level 12, 0/105 HPs)
             Began as a Demigod Wanderer on Apr 22, 2023.
             Slain by a hell rat (5 damage)
             ... while petrified by a basilisk
             ... on level 4 of the Lair of Beasts.
             The game lasted 00:28:03 (18739 turns).

Gabide the Grappler (Demigod Wanderer)             Turns: 18739, Time: 00:28:03

Health: 0/105      AC: 12    Str: 39    XL:     12   Next: 29%
Magic:  15/15      EV:  2    Int: 11    God:
Gold:   645        SH:  0    Dex: 12    Spells: 11/11 levels left

rFire   . . .      SeeInvis +     - Unarmed
rCold   . . .      Faith    .   (no shield)
rNeg    + + +      Spirit   .   h - +3 leather armour {rPois}
rPois   ∞          Reflect  .   t - +0 helmet
rElec   .          Harm     .   w - +0 cloak
rCorr   .          Rampage  .   d - +0 pair of gloves
Will    +....                   u - +1 pair of boots
Stlth   +.........              (no amulet)
HPRegen 0.27/turn               F - ring of see invisible
MPRegen 0.14/turn               m - +6 ring of strength

@: mighty, petrified, studying Spellcasting, invisible
A: high MP 1, forlorn, divine attributes
a: no special abilities


You were on level 4 of the Lair of Beasts.
You visited 2 branches of the dungeon, and saw 13 of its levels.

You collected 645 gold pieces.

Inventory:

Missiles
 o - 3 boomerangs (quivered)
Armour
 d - a +0 pair of gloves (worn)
 g - a scarf of repulsion
 h - a +3 leather armour of poison resistance (worn)
 n - +0 acid dragon scales
 t - a +0 helmet (worn)
 u - a +1 pair of boots (worn)
 w - a +0 cloak (worn)
Jewellery
 a - the ring "Mahirph" {rF++ Int+6}
   (You found it on level 7 of the Dungeon)

   [ring of intelligence]

   Int:       It affects your intelligence (+6).
   rF:        It greatly protects you from fire.
 j - a ring of protection from fire
 m - a +6 ring of strength (right hand)
 s - a ring of protection from cold
 x - a ring of ice
 F - a ring of see invisible (left hand)
 G - a ring of protection from cold
 H - a ring of protection from cold
 M - an amulet of guardian spirit
Wands
 l - a wand of polymorph (4)
 y - a wand of mindburst (5)
 B - a wand of flame (29)
 C - a wand of iceblast (23)
Scrolls
 b - a scroll of poison
 f - 2 scrolls of magic mapping
 k - 4 scrolls of identify
 p - a scroll of immolation
 E - 2 scrolls of teleportation
 I - a scroll of amnesia
 K - a scroll of brand weapon
Potions
 c - 2 potions of attraction
 e - 3 potions of flight
 q - a potion of mutation
 v - a potion of invisibility
 A - a potion of cancellation
 D - 2 potions of magic


   Skills:
 + Level 9.5 Fighting
 - Level 3.0 Ranged Weapons
 - Level 6.0 Armour
 + Level 9.5 Dodging
 * Level 13.8 Unarmed Combat


You had 11 spell levels left.
You didn't know any spells.
Your spell library contained the following spells:

 Spells                   Type           Power      Damage    Failure   Level
 Sandblast                Erth           0%         2d4       36%         1
 Blink                    Tloc           0%         N/A       50%         2
 Ensorcelled Hibernation  Hex/Ice        0%         N/A       50%         2
 Passwall                 Tmut/Erth      0%         N/A       50%         2
 Scorch                   Fire           0%         2d5       50%         2
 Spider Form              Tmut/Pois      0%         N/A       75%         3
 Stone Arrow              Conj/Erth      0%         3d7       75%         3
 Anguish                  Hex/Necr       0%         N/A       98%         4
 Flame Wave               Conj/Fire      0%         2d4       98%         4
 Summon Ice Beast         Ice/Summ       0%         N/A       98%         4
 Manifold Assault         Tloc           0%         N/A       100%        5
 Summon Mana Viper        Hex/Summ       0%         N/A       100%        5
 Summon Cactus Giant      Summ           0%         N/A       100%        6
 Monstrous Menagerie      Summ           0%         N/A       100%        7
 Storm Form               Tmut/Air       0%         N/A       100%        7


Dungeon Overview and Level Annotations

Branches:
Dungeon (8/15)             Temple (0/1) D:5            Lair (5/5) D:8
  Swamp (0/4) Lair:3       Spider (0/4) Lair:2
  Slime: Lair:4-5

Shops:
D:7 (

Annotations:
D:3 3 runed translucent doors, SharpKris's ghost, amateur DEFE


Innate Abilities, Weirdness & Mutations

You have an increased reservoir of magic. (+10% MP)
You shall have no god before yourself.
Your divine heritage dramatically boosts your attributes as you level up.


Message History

You barely miss the wyvern.
The hell rat roars deafeningly!
You punch the wyvern!
The wyvern is moderately wounded.
The wyvern bites you!
You hit the wyvern.
The wyvern is heavily wounded.
The wyvern completely misses you.
You barely miss the wyvern.
The wyvern is heavily wounded.
The wyvern bites you! The basilisk gazes at you.
You are slowing down.
You fade into invisibility!
The wyvern bites you!
* * * LOW HITPOINT WARNING * * *
The wyvern bites you.
* * * LOW HITPOINT WARNING * * *
The basilisk gazes at you.
You easily resist.
The wyvern bites you!
* * * LOW HITPOINT WARNING * * *
The basilisk gazes at you.
Your limbs have turned to stone.
You have turned to stone.
The wyvern bites you!
* * * LOW HITPOINT WARNING * * *
The basilisk bites you.
* * * LOW HITPOINT WARNING * * *
The wyvern bites you.
* * * LOW HITPOINT WARNING * * *
The wyvern bites you!
* * * LOW HITPOINT WARNING * * *
The basilisk gazes at you.
You easily resist.
The wyvern bites you but does no damage.
The basilisk gazes at you.
The wyvern bites you but does no damage. x2
The basilisk gazes at you.
You easily resist.
The hell rat bites you!
You die...

##..........##.'.
##.+....#.#####.. #...#.#####
#.. ## ##...######## ##.
.####.######..#...#.#.# ##.
........##............###..
.l.....†##.............#..(
......$+..#r..........##...
.......#..@l...............
.......#..+l..........##.#.
..l.......####.............#..
.....l.... #...........###..
k........ ###.+....#.## #..
#+.......# ##.#..#### ##.
##....l #....####### ##
###..#.. #.......#..# #
#.....l##### ##.#..##'#.## #


You could see a basilisk (unable to see you), a wyvern (unable to see you) and a
hell rat (unable to see you).

Vanquished Creatures
  Fannar (Lair:1)
  4 hydras
  2 two-headed ogres (D:8)
  Nergalle (Lair:1)
  3 lindwurms
  Pikel (D:7)
  A black mamba (Lair:4)
  3 cane toads
  8 rime drakes
  3 komodo dragons
  Maggie (D:7)
  Prince Ribbit (D:5)
  Grinder (D:4)
  10 dream sheep
  Sigmund (D:5)
  6 wyverns
  12 yaks
  3 basilisks
  Eustachio (D:2)
  A steam dragon (D:7)
  Menkaure (D:5)
  14 water moccasins
  An acid dragon (D:8)
  4 orc warriors
  2 black bears
  A sky beast (D:6)
  An ogre (D:4)
  3 wolves (Lair:1)
  2 centaurs
  2 phantoms
  A lemure (D:7)
  A kobold brigand (D:6)
  3 necrophages
  14 bullfrogs
  4 scorpions
  3 wights
  5 hounds
  3 jellies
  3 orc priests (D:7)
  Crazy Yiuf (D:4)
  A gnoll bouda (D:5)
  3 iguanas
  Natasha (thrice) (D:4)
  5 hell rats
  4 orc wizards
  8 gnolls
  6 adders
  2 white imps (D:6)
  4 ufetubi
  A worm (D:2)
  3 dart slugs (D:3)
  33 orcs
  9 ball pythons
  5 endoplasms
  A giant cockroach (D:4)
  4 goblins
  3 hobgoblins
  9 jackals
  8 kobolds
  4 quokkas
  5 bats
  4 frilled lizards
  3 rats
261 creatures vanquished.

Vanquished Creatures (collateral kills)
  A hornet (D:8)
  A bullfrog (D:8)
  A kobold brigand (D:8)
  An orc (D:8)
4 creatures vanquished.

Vanquished Creatures (others)
  21 fungi
  17 plants
38 creatures vanquished.

Grand Total: 303 creatures vanquished

Notes
Turn   | Place    | Note
-------+----------+-------------------------------------------
     0 | D:1      | Gabide the Demigod Wanderer began the quest for the Orb.
     0 | D:1      | Gabide set off with the following items: a +0 sling, a +0
                  | chain mail, 2 potions of attraction.
     0 | D:1      | Reached XP level 1. HP: 16/16 MP: 3/3
   348 | D:1      | Reached XP level 2. HP: 20/24 MP: 4/4
  1533 | D:2      | Reached XP level 3. HP: 30/30 MP: 5/5
  2169 | D:3      | Found a runed translucent gate.
  2169 | D:3      | Found a runed translucent gate.
  2169 | D:3      | Found a runed translucent gate.
  2169 | D:3      | Noticed SharpKris's ghost (amateur DEFE)
  2169 | D:3      | Noticed a kobold brigand
  2286 | D:3      | Reached skill level 5 in Armour
  2286 | D:3      | Reached XP level 4. HP: 36/38 MP: 6/6
  2539 | D:4      | Noticed Eustachio
  3322 | D:2      | Killed Eustachio
  3323 | D:2      | Reached skill level 2 in Unarmed Combat
  3323 | D:2      | Reached XP level 5. HP: 14/45 MP: 7/7
  3763 | D:4      | Noticed Natasha
  3778 | D:4      | Killed Natasha
  3931 | D:4      | Reached skill level 3 in Unarmed Combat
  3931 | D:4      | Reached XP level 6. HP: 27/51 MP: 8/8
  4179 | D:4      | Noticed a +0 spear
  4179 | D:4      | Noticed a +0 dagger
  4179 | D:4      | Noticed a +0 falchion
  4190 | D:4      | Noticed a +0 spear
  4191 | D:4      | Noticed a +0 short sword
  4191 | D:4      | Noticed a +0 falchion
  4193 | D:4      | Noticed a +0 short sword
  4193 | D:4      | Noticed a +0 dagger
  4379 | D:4      | Noticed Grinder
  4392 | D:4      | Paralysed by Grinder for 5 turns
  4409 | D:4      | Paralysed by Grinder for 3 turns
  4424 | D:4      | Killed Grinder
  4425 | D:4      | Reached skill level 4 in Unarmed Combat
  4462 | D:4      | Reached skill level 5 in Unarmed Combat
  4462 | D:4      | Reached XP level 7. HP: 49/57 MP: 9/9
  4497 | D:4      | Noticed Natasha
  4504 | D:4      | Killed Natasha
  4626 | D:4      | Reached skill level 6 in Unarmed Combat
  4904 | D:4      | Found a runed translucent door.
  4905 | D:4      | Noticed Crazy Yiuf
  4939 | D:4      | Noticed Natasha
  4945 | D:4      | Killed Natasha
  5011 | D:4      | Killed Crazy Yiuf
  5043 | D:5      | Entered Level 5 of the Dungeon
  5074 | D:5      | Noticed Prince Ribbit
  5103 | D:5      | Killed Prince Ribbit
  5304 | D:5      | Noticed Menkaure
  5316 | D:5      | Killed Menkaure
  5317 | D:5      | Reached XP level 8. HP: 13/63 MP: 10/10
  5729 | D:5      | Noticed Sigmund
  5752 | D:5      | Killed Sigmund
  5779 | D:5      | Reached skill level 7 in Unarmed Combat
  5924 | D:5      | Found a staircase to the Ecumenical Temple.
  7585 | D:7      | Reached skill level 8 in Unarmed Combat
  7585 | D:7      | Reached XP level 9. HP: 40/72 MP: 11/11
  7836 | D:7      | Reached skill level 5 in Fighting
  7836 | D:7      | Reached skill level 5 in Dodging
  8275 | D:7      | Identified the ring "Mahirph" {rF++ Int+6}
  8408 | D:7      | Noticed Pikel
  8430 | D:7      | Killed Pikel
  8431 | D:7      | Reached skill level 9 in Unarmed Combat
  8656 | D:7      | Noticed Maggie
  8674 | D:7      | Killed Maggie
  9018 | D:7      | Found Sudu's Antique Weapon Emporium.
  9828 | D:8      | Noticed a two-headed ogre
  9839 | D:8      | Killed a two-headed ogre
  9840 | D:8      | Reached skill level 10 in Unarmed Combat
  9840 | D:8      | Reached XP level 10. HP: 82/84 MP: 13/13
 10121 | D:8      | Noticed a two-headed ogre
 10690 | D:8      | Found a staircase to the Lair.
 10745 | D:8      | Killed a two-headed ogre
 11389 | Lair:1   | Entered Level 1 of the Lair of Beasts
 11639 | Lair:1   | Noticed a six-headed hydra
 11644 | Lair:1   | Killed a six-headed hydra
 11645 | Lair:1   | Reached skill level 11 in Unarmed Combat
 12723 | Lair:1   | Noticed Nergalle
 12734 | Lair:1   | Killed Nergalle
 12735 | Lair:1   | Reached XP level 11. HP: 92/92 MP: 14/14
 13302 | Lair:1   | Noticed Fannar
 13324 | Lair:1   | Killed Fannar
 13682 | Lair:1   | Reached skill level 12 in Unarmed Combat
 13904 | Lair:2   | Found a hole to the Spider Nest.
 14626 | Lair:2   | Noticed a lindwurm
 14639 | Lair:2   | Killed a lindwurm
 14642 | Lair:2   | Noticed a lindwurm
 14660 | Lair:2   | Killed a lindwurm
 15405 | Lair:3   | Noticed a lindwurm
 15416 | Lair:3   | Killed a lindwurm
 15815 | Lair:3   | Found a staircase to the Swamp.
 15832 | Lair:3   | Reached skill level 13 in Unarmed Combat
 16339 | Lair:4   | Noticed an eight-headed hydra
 16346 | Lair:4   | Killed an eight-headed hydra
 16732 | Lair:4   | Identified a scroll of acquirement
 16737 | Lair:4   | Reached XP level 12. HP: 96/104 MP: 15/15
 16743 | Lair:4   | Acquired a manual of Spellcasting
 17259 | Lair:4   | You fall into a shaft and drop 1 floor!
 17259 | Lair:5   | Entered Level 5 of the Lair of Beasts
 17392 | Lair:5   | Noticed an eight-headed hydra
 17401 | Lair:5   | Killed an eight-headed hydra
 17424 | Lair:4   | Noticed an eight-headed hydra
 18559 | Lair:4   | Noticed a seven-headed hydra
 18569 | Lair:4   | Killed a seven-headed hydra
 18736 | Lair:4   | HP: 4/105 [wyvern (3)]
 18739 | Lair:4   | Slain by a hell rat

Illustrated notes

Levels and vault maps discovered:
D:1:      scummos_arrival_checkerplants, layout_loops_ring,
          grunt_decor_one_mirror
D:2:      layout_rooms
D:3:      layout_basic, lemuel_coloured_pillars_altar,
          gammafunk_ghost_nasty_kobolds
D:4:      layout_loops_ring, nicolae_uskayaw_en_pointe, minmay_misc_feat_cross,
          uniq_natasha, uniq_eustachio, uniq_crazy_yiuf_cottage, uniq_grinder
D:5:      layout_loops_ring, nicolae_ashenzari_skybound,
          minmay_temple_entry_glass, uniq_sigmund, uniq_prince_ribbit1,
          uniq_menkaure
D:6:      layout_loops_cross, nemelex_xobeh_ov_fountains_minmay,
          mainiacjoe_overflow_small_starburst, glass_columns_a
D:7:      minmay_octagon_keep, layout_basic, mainiacjoe_overflow_cross_hatched,
          serial_shops, shop, uniq_maggie, uniq_pikel
D:8:      layout_cave_pools, kennysheep_little_box, nicolae_vehumet_radiance,
          nicolae_fountain_basement
Lair:1:   layout_chaotic_city, hibernation_bobbens, uniq_nergalle, uniq_fannar
Lair:2:   layout_hall_layers, spider_nest_entry_web_field, nicolae_lair_lindhole
Lair:3:   layout_roguey, minmay_swamp_entry_reptiles, serial_bayou_shore_b
Lair:4:   layout_roguey [special_room_mythical_zoo], infiniplex_staircase_pool,
          grunt_megastairs_4
Lair:5:   guppyfry_lair_end_dragon, layout_regular_city, wormcave,
          slime_entry_1, grunt_forest_small_clearings, serial_bayou_shore_a,
          infiniplex_staircase_pool_2, uniq_kirke

Skill      XL: |  1  2  3  4  5  6  7  8  9 10 11 |
---------------+----------------------------------+-----
Ranged Weapons | 3 |  3.0
Fighting       | 2 3 4 6 7 9 |  9.5
Armour         | 5 6 |  6.0
Dodging        | 3 4 6 7 9 |  9.5
Unarmed Combat | 2 3 5 6 8 10 11 13 | 13.8

Action                   |  1- 3 |  4- 6 |  7- 9 | 10-12 || total
-------------------------+-------+-------+-------+-------++-------
Melee: Short sword       |   153 |   138 |       |       ||   291
       Punch             |     2 |       |    10 |    43 ||    55
       Unarmed           |       |    18 |   349 |   503 ||   870
 Fire: Sling             |    59 |    13 |       |       ||    72
Throw: Boomerang         |       |    15 |    51 |    29 ||    95
Evoke: Wand              |       |       |     2 |    14 ||    16
  Use: Scroll            |     2 |     2 |    13 |    13 ||    30
       Potion            |     3 |     3 |     2 |     5 ||    13
 Stab: Sleeping          |       |     1 |       |       ||     1
       Paralysed         |       |       |     7 |       ||     7
Armor: Chain mail        |   136 |    89 |       |       ||   225
       Leather armour    |       |    40 |   126 |   178 ||   344
       Skin              |       |       |       |     5 ||     5
Dodge: Dodged            |   115 |   162 |   220 |   327 ||   824
       Repelled          |     1 |     1 |       |       ||     2
